 Dungeon Crawl Stone Soup version 0.30-a0-1059-g7dea3e163d (webtiles) character file.

Game seed: 16463841216827065183

62 Majang the Insei (level 4, -2/36 HPs)
             Began as a Meteoran Transmuter on Apr 12, 2023.
             Slain by an orc
             ... wielding a +0 flail
              (3 damage)
             ... on level 3 of the Dungeon.
             The game lasted 00:10:18 (985 turns).

Majang the Insei (Meteoran Transmuter)               Turns: 985, Time: 00:10:19

Health: -2/36      AC:  2    Str: 14    XL:     4   Next: 53%
Magic:  7/9        EV: 12    Int: 14    God:
Gold:   41         SH:  0    Dex: 14    Spells: 6/9 levels left

rFire   . . .      SeeInvis .      - Unarmed
rCold   . . .      Faith    .    (no shield)
rNeg    . . .      Spirit   .    a - +0 robe
rPois   .          Reflect  .    (helmet currently unavailable)
rElec   .          Rampage  .    (no cloak)
rCorr   .                        (no gloves)
Will    .....                    e - melded +0 pair of boots
Stlth   +                        (no amulet)
HPRegen 0.26/turn                (no ring)
MPRegen 0.11/turn                (no ring)

@: appendages (expiring), wereblooded, glowing
A: horns 2, talons 2, sense surroundings 1, otherworldly, glowing, explore regen
a: End Transformation


You were on level 3 of the Dungeon.
You had temporarily grown beastly horns and talons.
You visited 1 branch of the dungeon, and saw 3 of its levels.

You collected 41 gold pieces.

Inventory:

Armour
 a - a +0 robe (worn)
 e - a +0 pair of boots (melded)
Scrolls
 g - a scroll of teleportation {unknown}
 i - 2 scrolls of identify {unknown}
 j - a scroll of magic mapping {unknown}
 m - a scroll of blinking {unknown}
Potions
 b - a potion of lignification
 c - a potion of heal wounds {unknown}
 d - a potion of attraction {unknown}
 f - a potion of mutation {unknown}
 h - a potion of might
 k - a potion of haste {unknown}
 l - a potion of curing {unknown}
 n - a potion of cancellation {unknown}


   Skills:
 + Level 1.9 Fighting
 - Level 2.4 Dodging
 * Level 4.5 Unarmed Combat
 + Level 3.2 Spellcasting
 * Level 3.4 Transmutations


You had 6 spell levels left.
You knew the following spells:

 Your Spells              Type           Power      Damage    Failure   Level
a - Beastly Appendage     Tmut           24%        N/A       4%          1
b - Wereblood             Tmut           12%        N/A       8%          2

Your spell library contained the following spells:

 Spells                   Type           Power      Damage    Failure   Level
 Magic Dart               Conj           8%         1d3       22%         1
 Spider Form              Tmut/Pois      7%         N/A       30%         3
 Searing Ray              Conj           4%         2d4       32%         2
 Ice Form                 Ice/Tmut       7%         N/A       71%         4
 Fulminant Prism          Conj/Hex       1%         3d5       91%         4


Dungeon Overview and Level Annotations

Branches:
Dungeon (3/15) Zot: 819

Altars:
Wu Jian

Shops:
D:2 =


Innate Abilities, Weirdness & Mutations

You have temporarily grown beastly horns and talons.
You passively map a small area around you.
You are easily found by Zot.
You glow in the dark.
You regain HP and MP as you explore.


Message History

Casting: Beastly Appendage (safe; 4% risk of failure)
Confirm with . or Enter, or press ? or * to list all spells.
Your blood is infused with primal strength.
The orc throws a boomerang.
The boomerang hits you but does no damage.
You hit the orc but do no damage.
The orc throws a boomerang.
The boomerang hits you.
You hit the orc but do no damage. You barely miss the orc.
Your kick misses the orc. Your headbutt misses the orc.
The orc hits you with a +0 short sword.
The orc wizard gestures at you while chanting.
You resist with some effort.
You barely miss the orc. You claw the orc. Your headbutt misses the orc.
The orc is moderately wounded.
The orc closely misses you.
You hit the orc but do no damage. You claw the orc, but do no damage.
You headbutt the orc, but do no damage.
The orc is moderately wounded.
The orc hits you with a +0 short sword.
You hit the orc but do no damage. You claw the orc, but do no damage.
The orc is moderately wounded.
The orc misses you. The orc wizard barely misses you.
The orc hits you with a +0 flail!
You hit the orc.
The orc is severely wounded.
The orc hits you with a +0 short sword.
The orc wizard hits you with a +0 dagger.
The orc hits you with a +0 flail.
* * * LOW HITPOINT WARNING * * *
You hit the orc but do no damage. You headbutt the orc.
You feel a bit better.
You kill the orc!
Your transformation is almost over.
The orc wizard hits you with a +0 dagger.
* * * LOW HITPOINT WARNING * * *
The orc hits you with a +0 flail!
* * * LOW HITPOINT WARNING * * *
You hit the orc wizard. You headbutt the orc wizard!
The orc wizard is severely wounded.
The orc hits you with a +0 flail.
You die...

, #....l.###
* ,
*#........ ,
#.......# *
#.......#
,*#.......#
*#.......###
,
#$.........
, , #..oo..#
*
,,*#...@).#
* ,
#......#* *
* *, *
*#......#
,,, ,
########* ,
, , * , , ,
,,


You could see an orc wizard and an orc.

Vanquished Creatures
  3 adders (D:2)
  A worm (D:2)
  3 dart slugs
  An orc (D:3)
  2 giant cockroaches
  3 goblins
  A hobgoblin (D:1)
  4 jackals (D:2)
  3 quokkas (D:2)
  A ball python (D:2)
  A bat (D:1)
  A frilled lizard (D:2)
  A rat (D:1)
25 creatures vanquished.

Notes
Turn   | Place    | Note
-------+----------+-------------------------------------------
     0 | D:1      | Majang the Meteoran Transmuter began the quest for the Orb.
     0 | D:1      | Reached XP level 1. HP: 16/16 MP: 5/5
   183 | D:1      | Reached XP level 2. HP: 18/23 MP: 4/6
   186 | D:1      | Learned a level 2 spell: Wereblood
   392 | D:2      | Found an ornate altar of the Wu Jian Council.
   418 | D:2      | Found Rure's Jewellery Boutique.
   662 | D:2      | Reached skill level 4 in Unarmed Combat
   662 | D:2      | Reached XP level 3. HP: 17/28 MP: 5/8
   905 | D:2      | Reached XP level 4. HP: 36/36 MP: 9/9
   984 | D:3      | HP: 1/36 [orc/+0 flail (8)]
   985 | D:3      | Slain by an orc

Illustrated notes

Levels and vault maps discovered:
D:1:      lightli_arrival_statuegarden, layout_rooms, nicolae_titane
D:2:      layout_basic, serial_shops, shop, basic_altar, minivault_11
D:3:      layout_basic, serial_shops, shop

Skill      XL: |  1  2 |
---------------+-------+-----
Unarmed Combat | 4 |  4.5
Spellcasting   | 3 |  3.2
Transmutations | 3 |  3.4
Fighting       | |  1.9
Dodging        | |  2.4

Action                     |  1- 3 |  4- 6 || total
---------------------------+-------+-------++-------
  Melee: Unarmed           |    49 |    21 ||    70
         Kick              |    15 |     4 ||    19
         Headbutt          |     7 |     4 ||    11
         Punch             |     1 |       ||     1
   Cast: Beastly Appendage |    13 |     2 ||    15
         Wereblood         |     2 |     2 ||     4
 Armour: Robe              |    11 |     3 ||    14
  Dodge: Dodged            |    14 |    12 ||    26

Table legend: (Time is in decaauts)
 A = Elapsed time spent in this place.
 B = Non-inter-level travel time spent in this place.
 C = Inter-level travel time spent in this place.
 D = Time resting spent in this place.
 E = Time spent auto-exploring this place.
 F = Levels seen in this place.
 G = Mean time per level.
                   A        B        C        D        E       F      G
               +--------+--------+--------+--------+--------+-----+--------+
         Total |    979 |    969 |     10 |      0 |      0 |   3 |  326.3 |
       Dungeon |    979 |    969 |     10 |      0 |      0 |   3 |  326.3 |
               +--------+--------+--------+--------+--------+-----+--------+

Top non-repeatable levels by time:
     D:2: 653 daAuts
     D:1: 312 daAuts
     D:3: 13 daAuts
